AoeStats
← dario.calabrese

Arabia

509422652Analyzed
1v1 RM · 6d ago on Sep 26, 2026· 53m 46s· 2 players
Game mode
Random Map
Map size
Tiny (2 player)
Population
200
Speed
Normal
Resources
Standard
Victory
Conquest
Starting age
Dark Age
Ending age
Imperial Age
RankedLock teamsTeams togetherTeam positionsShared explorationLock speedFull tech treeHidden civsTurbo modeCheats
Victory
Defeat
🇮🇹 Inca · Italy
1007
+17
🇦🇷 Cumans · Argentina
1026
-17
dario.calabrese
11:04 Feudal Age
11:43 Champi Runner
12:17 Double-Bit Axe
12:13 Horse Collar
13:57 Arson
22:36 Gold Mining
25:09 Castle Age
24:46 Wheelbarrow
25:12 Champi Warrior
25:53 Squires
26:21 Bow Saw
26:12 Heavy Plow
28:50 Hand Cart
28:59 Stone Mining
29:30 Elite Skirmisher
30:55 Heavy Plow
32:25 Gold Shaft Mining
34:36 Stone Shaft Mining
34:38 Forging
34:19 Fletching
34:29 Scale Mail Armor
41:40 Imperial Age
40:08 Town Watch
39:47 Pikeman
48:49 Chain Mail Armor
50:42 Crop Rotation
51:26 Chemistry
53:12 Iron Casting
53:08 Plate Mail Armor
53:00 Andean Sling
ìµgløÛrïøus Bªst£rd
5:02 Loom
10:29 Feudal Age
12:14 Town Watch
13:07 Wheelbarrow
13:01 Double-Bit Axe
15:51 Fletching
17:32 Padded Archer Armor
25:14 Castle Age
25:15 Horse Collar
26:08 Scale Barding Armor
28:26 Forging
27:57 Crossbowman
28:34 Gold Mining
29:31 Bloodlines
33:29 Heavy Plow
34:52 Chain Barding Armor
36:35 Stone Mining
37:00 Bow Saw
38:01 Hand Cart
39:28 Iron Casting
38:49 Bodkin Arrow
48:55 Imperial Age
49:43 Cavalier
51:24 Plate Barding Armor
51:50 Blast Furnace
53:17 Thumb Ring
Connection lost

Rejoining the realm…

Still unreachable

The connection could not be restored.

Session expired

The server has moved on; the page needs a fresh start.